[Event "57th Biel Festival ATO 2024"]
[Site "Biel"]
[Date "2024.07.25"]
[Round "9.9"]
[White "Kim, Yejun"]
[Black "Meshach, Felix"]
[Result "0-1"]
[ECO "B38"]
[WhiteElo "1642"]
[BlackElo "1773"]
[Annotator "NA RC"]
[PlyCount "110"]
[EventDate "2024.07.03"]
[EventType "swiss"]
[EventCountry "SUI"]
[SourceTitle "playchess.com"]
[Source "ChessBase"]
[SourceQuality "1"]
[TimeControl "40/5400+30:1800+30"]

1. e4 c5 2. Nf3 Nc6 3. d4 cxd4 4. Nxd4 g6 5. c4 Bg7 6. Be3 Nf6 7. Nc3 d6 8. Be2 O-O 9. O-O Nd7 10. h3 Nxd4 11. Bxd4 b6 12. Bxg7 Kxg7 13. Qd4+ Kg8 14. b4 Ba6 15. f4 Rc8 16. Rad1 Nb8 17. b5 Bb7 18. Bg4 e6 19. f5 e5 20. Qe3 Rxc4 21. f6 Kh8 22. Qh6 Rg8 23. Rf5 Rxc3 24. Rh5 gxh5 25. Bf5 Rxg2+ 26. Kxg2 Qg8+ 27. Qg7+ Qxg7+ 28. fxg7+ Kxg7 29. Rxd6 Bc8 30. Rd8 Bxf5 31. exf5 Nc6 32. bxc6 Rxc6 33. Re8 Rc2+ 34. Kf3 Rxa2 35. Rxe5 Ra5 36. Re3 Rxf5+ 37. Ke4 Rf6 38. Ra3 a5 39. Ke5 Re6+ 40. Kf5 h6 41. Rg3+ Rg6 42. Rd3 Rg5+ 43. Ke4 Rb5 44. Kd4 Rb4+ 45. Kc3 f5 46. Rd5 Kf6 47. Rd8 Kg5 48. Rd5 Kf4 49. Rd6 Kg3 50. Rd3+ Kg2 51. Rd5 f4 52. Rxh5 f3 53. Rxh6 f2 54. Rg6+ Kxh3 55. Rf6 Kg2 0-1

[Event "57th Biel Festival ATO 2024"]
[Site "Biel"]
[Date "2024.07.25"]
[Round "9.11"]
[White "Nergard, Ole-Kristian"]
[Black "Bangerter, Daria"]
[Result "0-1"]
[ECO "A37"]
[WhiteElo "1830"]
[BlackElo "1931"]
[Annotator "RC"]
[PlyCount "105"]
[EventDate "2024.07.03"]
[EventType "swiss"]
[EventCountry "SUI"]
[SourceTitle "playchess.com"]
[Source "ChessBase"]
[SourceQuality "1"]
[TimeControl "40/5400+30:1800+30"]

1. c4 c5 2. g3 g6 3. Bg2 Bg7 4. Nf3 Nc6 5. O-O d6 6. Nc3 e6 7. e3 Nge7 8. d4 O-O 9. d5 Na5 10. Nd2 Rb8 11. e4 exd5 12. cxd5 b5 13. Qc2 Ba6 14. Re1 Re8 15. Nf3 b4 16. Nd1 c4 17. Be3 Qd7 18. Qd2 Rec8 19. Bd4 c3 20. bxc3 b3 21. Ng5 h6 22. Bh3 Nc4 23. Qd3 Qa4 24. Bxc8 Rxc8 25. Bxg7 Kxg7 26. Qd4+ Kg8 27. Qxa7 b2 28. Rb1 Qxa2 29. Nxb2 Nxb2 30. Qxe7 hxg5 31. Qxd6 Nd3 32. Rf1 Nxf2 33. Ra1 Nh3+ 34. Kh1 Qc2 35. Qf6 Qe2 36. Qf4 Qxe4+ 37. Qf3 Bxf1 38. Rxf1 Qxf3+ 39. Rxf3 g4 40. Re3 Ra8 41. Re1 Rd8 42. c4 Nf2+ 43. Kg2 Nd3 44. Re4 f5 45. Re6 Kf7 46. Kf1 Rc8 47. Re3 Nb2 48. Rb3 Nxc4 49. Ke2 Nd6 50. Kd3 Rc5 51. Kd4 Rc4+ 52. Ke5 Ke7 53. Re3 0-1

[Event "57th Biel Festival ATO 2024"]
[Site "Biel"]
[Date "2024.07.25"]
[Round "9.12"]
[White "Schaer, Bryan"]
[Black "Ribera Caro, Joan"]
[Result "1-0"]
[ECO "B22"]
[WhiteElo "1803"]
[BlackElo "1920"]
[Annotator "RC"]
[PlyCount "132"]
[EventDate "2024.07.03"]
[EventType "swiss"]
[EventCountry "SUI"]
[SourceTitle "playchess.com"]
[Source "ChessBase"]
[SourceQuality "1"]
[TimeControl "40/5400+30:1800+30"]

1. e4 c5 2. c3 Nf6 3. e5 Nd5 4. Nf3 Nc6 5. d4 cxd4 6. cxd4 d6 7. Bc4 Nb6 8. Bb5 dxe5 9. Nxe5 Bd7 10. Nxd7 Qxd7 11. O-O e6 12. Be3 Be7 13. Nc3 a6 14. Bd3 O-O 15. Qg4 Rfd8 16. Rad1 Nd5 17. Bh6 g6 18. Bb1 Nf6 19. Qh4 Nxd4 20. Bg5 Kg7 21. Qh6+ Kh8 22. Qh4 Ng8 23. Bxe7 Nxe7 24. Qf6+ Kg8 25. Rxd4 Qxd4 26. Qxe7 Rd7 27. Qg5 Rad8 28. h4 Qd2 29. Ne4 Qxg5 30. hxg5 Kg7 31. f3 h6 32. gxh6+ Kxh6 33. Kf2 Kg7 34. Ke3 Rd1 35. Rxd1 Rxd1 36. Bd3 Ra1 37. Nc3 Rg1 38. Kf2 Rh1 39. Be4 b6 40. Bd3 b5 41. a3 f5 42. Bf1 Rh8 43. Na2 Rc8 44. Bd3 Rd8 45. Ke3 e5 46. Nb4 Rd6 47. Be2 Kf6 48. Nd3 a5 49. Nc5 b4 50. a4 Rd5 51. Nb3 f4+ 52. Kf2 Rd7 53. Nc5 Rc7 54. Ne4+ Ke7 55. b3 Rc1 56. Bc4 Rc2+ 57. Kg1 Rc1+ 58. Kh2 Rc2 59. Nc5 Rc1 60. Nb7 Rxc4 61. Nxa5 Rc3 62. Kg1 Kd7 63. Kf1 Kc7 64. Ke1 Rc2 65. Nc4 Rxg2 66. Nxe5 Kb6 1-0

[Event "57th Biel Festival ATO 2024"]
[Site "Biel"]
[Date "2024.07.25"]
[Round "9.13"]
[White "Aegerter, Fabrice"]
[Black "Haas, Anthony"]
[Result "0-1"]
[ECO "A45"]
[WhiteElo "1917"]
[BlackElo "1824"]
[Annotator "RC"]
[PlyCount "72"]
[EventDate "2024.07.03"]
[EventType "swiss"]
[EventCountry "SUI"]
[SourceTitle "playchess.com"]
[Source "ChessBase"]
[SourceQuality "1"]
[TimeControl "40/5400+30:1800+30"]

1. d4 Nf6 2. Bf4 c6 3. c3 Nh5 4. Bc1 g6 5. e4 d6 6. g4 Nf6 7. g5 Nfd7 8. Bc4 d5 9. Bd3 dxe4 10. Bxe4 Bg7 11. f4 Nb6 12. Nf3 O-O 13. Be3 Nd5 14. Qe2 Bg4 15. Nbd2 Qc7 16. Qf2 Nxf4 17. Ne5 Bxe5 18. dxe5 Nd5 19. Bd4 Nd7 20. Qg2 Be6 21. h4 Nf4 22. Qh2 Nh5 23. c4 Rad8 24. Bc3 Nc5 25. Bf3 Nd3+ 26. Kd1 Ndf4 27. Kc2 Qd7 28. Be4 Bf5 29. Rhe1 Bxe4+ 30. Rxe4 Qd3+ 31. Kb3 Ne6 32. Qf2 b6 33. Re3 Nc5+ 34. Ka3 Qc2 35. b4 Nd3 36. Rxd3 Rxd3 0-1

[Event "57th Biel Festival ATO 2024"]
[Site "Biel"]
[Date "2024.07.25"]
[Round "9.14"]
[White "Kim, Donghan"]
[Black "Leuenberger, Urs"]
[Result "1-0"]
[ECO "B76"]
[WhiteElo "1746"]
[BlackElo "1903"]
[Annotator "RC"]
[PlyCount "39"]
[EventDate "2024.07.03"]
[EventType "swiss"]
[EventCountry "SUI"]
[SourceTitle "playchess.com"]
[Source "ChessBase"]
[SourceQuality "1"]
[TimeControl "40/5400+30:1800+30"]

1. e4 c5 2. Nf3 d6 3. d4 cxd4 4. Nxd4 Nf6 5. Nc3 g6 6. Be3 Bg7 7. f3 Nc6 8. Qd2 O-O 9. g4 Be6 10. O-O-O Na5 11. Bh6 Rc8 12. Bxg7 Kxg7 13. h4 h5 14. gxh5 Nxh5 15. Rg1 Qd7 16. Bb5 Nc6 17. Qg5 Kh7 18. f4 a6 19. f5 axb5 20. fxg6+ 1-0

[Event "57th Biel Festival ATO 2024"]
[Site "Biel"]
[Date "2024.07.25"]
[Round "9.15"]
[White "Cardoso Rodrigues, Michael"]
[Black "Wenger, Arejou"]
[Result "0-1"]
[ECO "B22"]
[WhiteElo "1796"]
[BlackElo "1875"]
[Annotator "NA RC"]
[PlyCount "100"]
[EventDate "2024.07.03"]
[EventType "swiss"]
[EventCountry "SUI"]
[SourceTitle "playchess.com"]
[Source "ChessBase"]
[SourceQuality "1"]
[TimeControl "40/5400+30:1800+30"]

1. e4 c5 2. d4 cxd4 3. c3 Nf6 4. e5 Nd5 5. Nf3 Nc6 6. cxd4 e6 7. Bc4 d6 8. O-O Be7 9. Nbd2 O-O 10. Ne4 dxe5 11. dxe5 Qc7 12. Bxd5 exd5 13. Qxd5 Be6 14. Qb5 a6 15. Qe2 Nxe5 16. Bf4 Qc4 17. Qxc4 Nxf3+ 18. gxf3 Bxc4 19. Rfc1 Bd5 20. Rc7 Bd8 21. Rd7 Bc6 22. Rd3 Re8 23. Rad1 Bb6 24. Be3 Bc7 25. Kg2 Rxe4 26. fxe4 Bxe4+ 27. f3 Bxd3 28. Rxd3 Rd8 29. Rc3 Be5 30. Rc2 f5 31. Bb6 Rd5 32. b3 Bf4 33. h3 Kf7 34. Bc7 Rd2+ 35. Rxd2 Bxd2 36. Kg3 g5 37. Bb8 Ke6 38. Kf2 Kd5 39. Ke2 Bc1 40. Kd3 h5 41. Bc7 g4 42. fxg4 hxg4 43. hxg4 fxg4 44. Bh2 Bb2 45. Bg1 g3 46. Be3 g2 47. Bb6 Ba3 48. Ke2 Bc5 49. Bxc5 Kxc5 50. Kf2 Kb4 0-1

[Event "57th Biel Festival ATO 2024"]
[Site "Biel"]
[Date "2024.07.25"]
[Round "9.16"]
[White "Keymer, Cecilia"]
[Black "Paholok, Igor"]
[Result "1-0"]
[ECO "A40"]
[WhiteElo "1865"]
[BlackElo "1801"]
[Annotator "NA RC"]
[PlyCount "69"]
[EventDate "2024.07.03"]
[EventType "swiss"]
[EventCountry "SUI"]
[SourceTitle "playchess.com"]
[Source "ChessBase"]
[SourceQuality "1"]
[TimeControl "40/5400+30:1800+30"]

1. d4 g6 2. c4 Bg7 3. Nc3 c5 4. d5 Bxc3+ 5. bxc3 f5 6. e4 fxe4 7. f3 e6 8. Nh3 Qh4+ 9. Nf2 exf3 10. Qxf3 Qe7 11. Be2 d6 12. O-O e5 13. Bd3 Na6 14. Ng4 Bxg4 15. Qxg4 Nf6 16. Bxg6+ hxg6 17. Qxg6+ Kd7 18. Rxf6 Raf8 19. Bg5 Rhg8 20. Qf5+ Kc7 21. Rf1 Rxf6 22. Bxf6 Qd7 23. Qxd7+ Kxd7 24. h4 Nc7 25. h5 Ne8 26. h6 Nxf6 27. Rxf6 Rh8 28. Kf2 a6 29. g4 b5 30. cxb5 axb5 31. g5 Ke7 32. Re6+ Kd7 33. g6 Rxh6 34. g7 Rh2+ 35. Kg1 1-0

[Event "57th Biel Festival ATO 2024"]
[Site "Biel"]
[Date "2024.07.25"]
[Round "9.17"]
[White "Pantillon, Patrick Andre"]
[Black "Bracher, Juerg"]
[Result "1-0"]
[ECO "B90"]
[WhiteElo "1782"]
[BlackElo "1864"]
[Annotator "NA RC"]
[PlyCount "75"]
[EventDate "2024.07.03"]
[EventType "swiss"]
[EventCountry "SUI"]
[SourceTitle "playchess.com"]
[Source "ChessBase"]
[SourceQuality "1"]
[TimeControl "40/5400+30:1800+30"]

1. Nc3 c5 2. Nf3 Nc6 3. d4 cxd4 4. Nxd4 a6 5. e4 d6 6. Be3 e6 7. Be2 Nf6 8. Nxc6 bxc6 9. f4 Be7 10. O-O O-O 11. Bf3 Rb8 12. b3 Qc7 13. Qd2 d5 14. e5 Nd7 15. Na4 c5 16. Qf2 d4 17. Bd2 Bb7 18. Bxb7 Qxb7 19. Qg3 f5 20. Qd3 Nb6 21. Nxb6 Qxb6 22. Qc4 Kf7 23. a4 Rg8 24. Rf3 g6 25. Raf1 Qc6 26. Rh3 h5 27. Rff3 Rh8 28. Be1 Qe4 29. Kf1 Rhd8 30. Bd2 Ra8 31. Rfg3 Ra7 32. Rxg6 Kxg6 33. Qxe6+ Kg7 34. Rg3+ Bg5 35. Rxg5+ Kh8 36. Qf6+ Kh7 37. Rxh5+ Kg8 38. Rh8# 1-0

[Event "57th Biel Festival ATO 2024"]
[Site "Biel"]
[Date "2024.07.25"]
[Round "9.18"]
[White "Bachmann Daniel"]
[Black "Kuenzi, Anton"]
[Result "0-1"]
[ECO "B12"]
[WhiteElo "1713"]
[BlackElo "1862"]
[Annotator "NA RC"]
[PlyCount "108"]
[EventDate "2024.07.03"]
[EventType "swiss"]
[EventCountry "SUI"]
[SourceTitle "playchess.com"]
[Source "ChessBase"]
[SourceQuality "1"]
[TimeControl "40/5400+30:1800+30"]

1. e4 c6 2. d4 d5 3. f3 dxe4 4. fxe4 e5 5. Nf3 Bg4 6. c3 Nd7 7. Bc4 Bh5 8. O-O Ngf6 9. Bg5 Bd6 10. Bxf6 Nxf6 11. dxe5 Bc5+ 12. Kh1 Qxd1 13. Rxd1 Nxe4 14. Rf1 Nf2+ 15. Kg1 Bxf3 16. b4 Bb6 17. gxf3 Ng4+ 18. Kh1 Ne3 19. Nd2 Nxf1 20. Rxf1 Bc7 21. f4 Bd8 22. Ne4 Be7 23. Nd6+ Bxd6 24. exd6 O-O-O 25. Rd1 Rd7 26. Bf1 g6 27. c4 Re8 28. f5 f6 29. c5 Re5 30. Bh3 g5 31. Bf1 Re4 32. a3 Rd8 33. Rc1 Rde8 34. Rc3 Re3 35. Rc2 R8e5 36. Bc4 Rxf5 37. Be2 Rfe5 38. Bg4+ f5 39. Bh5 g4 40. Kg1 Re2 41. Rc4 Ra2 42. Rc1 Kd7 43. h3 Ree2 44. hxg4 Rg2+ 45. Kf1 fxg4 46. Rc4 g3 47. Bg4+ Kd8 48. Rf4 Raf2+ 49. Rxf2 Rxf2+ 50. Kg1 Ra2 51. Kf1 Rxa3 52. Kg2 Rb3 53. Bf3 Rxb4 54. Kxg3 Rc4 0-1

[Event "57th Biel Festival ATO 2024"]
[Site "Biel"]
[Date "2024.07.25"]
[Round "9.19"]
[White "Voet, Dirk"]
[Black "Yu, Tianxiang Carlos"]
[Result "1-0"]
[ECO "B21"]
[WhiteElo "1869"]
[BlackElo "1769"]
[Annotator "NA RC"]
[PlyCount "61"]
[EventDate "2024.07.03"]
[EventType "swiss"]
[EventCountry "SUI"]
[SourceTitle "playchess.com"]
[Source "ChessBase"]
[SourceQuality "1"]
[TimeControl "40/5400+30:1800+30"]

1. g3 c5 2. Bg2 g6 3. e4 Bg7 4. f4 Nc6 5. Nf3 e6 6. c3 d5 7. e5 Nge7 8. d4 b6 9. O-O Nf5 10. Na3 cxd4 11. cxd4 O-O 12. g4 Nh4 13. Be3 Nxg2 14. Kxg2 Qd7 15. h4 f6 16. Rh1 fxe5 17. fxe5 Ba6 18. h5 Ne7 19. Qd2 gxh5 20. Rxh5 Rxf3 21. Kxf3 Rf8+ 22. Kg3 Ng6 23. Rh2 Nxe5 24. dxe5 Bxe5+ 25. Kg2 d4 26. Rh5 Qc6+ 27. Kg1 dxe3 28. Qxe3 Bxb2 29. Re1 Bxa3 30. Qxa3 Bb7 31. Rg5+ 1-0

[Event "57th Biel Festival ATO 2024"]
[Site "Biel"]
[Date "2024.07.25"]
[Round "9.20"]
[White "Jordan, Theodor"]
[Black "Jordan, Christina"]
[Result "1/2-1/2"]
[ECO "D02"]
[WhiteElo "1894"]
[BlackElo "1749"]
[Annotator "NA RC"]
[PlyCount "81"]
[EventDate "2024.07.03"]
[EventType "swiss"]
[EventCountry "SUI"]
[SourceTitle "playchess.com"]
[Source "ChessBase"]
[SourceQuality "1"]
[TimeControl "40/5400+30:1800+30"]

1. h3 d5 2. d4 Nf6 3. Nf3 c6 4. Bf4 e6 5. c3 Nbd7 6. e3 Be7 7. Nbd2 b6 8. Ne5 Nxe5 9. Bxe5 Bb7 10. Nf3 O-O 11. Be2 Ne4 12. Nd2 Nxd2 13. Qxd2 f6 14. Bg3 Bd6 15. Bxd6 Qxd6 16. f4 e5 17. O-O Rae8 18. Rae1 Re7 19. fxe5 fxe5 20. Rxf8+ Kxf8 21. Rf1+ Kg8 22. a3 Bc8 23. Bd3 e4 24. Be2 Qg6 25. Kh2 Qd6+ 26. Kg1 Qg3 27. Bg4 Bxg4 28. hxg4 Re6 29. Qf2 Qxf2+ 30. Rxf2 Rf6 31. Rxf6 gxf6 32. Kf2 Kg7 33. Kg3 Kg6 34. Kf4 h6 35. b4 b5 36. Kg3 Kg5 37. Kh3 h5 38. gxh5 Kxh5 39. g4+ Kg6 40. Kh4 Kh6 41. Kg3 1/2-1/2

[Event "57th Biel Festival ATO 2024"]
[Site "Biel"]
[Date "2024.07.25"]
[Round "9.21"]
[White "Rossi, Jonas"]
[Black "Gafner, Lancelot"]
[Result "1-0"]
[ECO "D36"]
[WhiteElo "1796"]
[BlackElo "1864"]
[Annotator "NA RC"]
[PlyCount "37"]
[EventDate "2024.07.03"]
[EventType "swiss"]
[EventCountry "SUI"]
[SourceTitle "playchess.com"]
[Source "ChessBase"]
[SourceQuality "1"]
[TimeControl "40/5400+30:1800+30"]

1. d4 d5 2. c4 e6 3. Nc3 Nf6 4. cxd5 exd5 5. Bg5 Be7 6. e3 O-O 7. Bd3 Nbd7 8. Nge2 c6 9. O-O Re8 10. f3 Nf8 11. Qc2 Ng6 12. Rad1 h6 13. Bxf6 Bxf6 14. Bxg6 fxg6 15. e4 dxe4 16. fxe4 Bg5 17. e5 Qb6 18. Qxg6 Bg4 19. Rf7 1-0

[Event "57th Biel Festival ATO 2024"]
[Site "Biel"]
[Date "2024.07.25"]
[Round "9.22"]
[White "Jaggy, Enzo"]
[Black "Sushrutha, Reddy"]
[Result "0-1"]
[ECO "D05"]
[WhiteElo "1835"]
[BlackElo "1649"]
[Annotator "NA RC"]
[PlyCount "84"]
[EventDate "2024.07.03"]
[EventType "swiss"]
[EventCountry "SUI"]
[SourceTitle "playchess.com"]
[Source "ChessBase"]
[SourceQuality "1"]
[TimeControl "40/5400+30:1800+30"]

1. d4 Nf6 2. Nf3 d5 3. e3 c5 4. c3 Nc6 5. dxc5 Bg4 6. Be2 e5 7. b4 Qc7 8. Bb2 a6 9. O-O Be7 10. a3 O-O 11. Nbd2 Rfd8 12. Qc2 e4 13. Nd4 Nxd4 14. cxd4 Bxe2 15. Nxe4 Bxf1 16. Nxf6+ Bxf6 17. Rxf1 b6 18. Rc1 Rac8 19. Qa4 bxc5 20. Qxa6 c4 21. Rc3 Rd6 22. Qa4 Be7 23. Qd1 Rh6 24. g3 Qd7 25. Qf3 Rf6 26. Qg2 Qf5 27. Qf1 h5 28. h4 g5 29. e4 dxe4 30. hxg5 Qxg5 31. Bc1 Qg4 32. b5 h4 33. a4 Bb4 34. Re3 hxg3 35. Rxg3 Qxg3+ 36. fxg3 Rxf1+ 37. Kxf1 Ba5 38. Ke2 f5 39. Ke3 Kf7 40. d5 Kf6 41. Bb2+ c3 42. Bc1 Ke5 0-1

[Event "57th Biel Festival ATO 2024"]
[Site "Biel"]
[Date "2024.07.25"]
[Round "9.23"]
[White "Mohr, Jan"]
[Black "Kern, Beat"]
[Result "1-0"]
[ECO "D10"]
[WhiteElo "1824"]
[BlackElo "1717"]
[Annotator "NA RC"]
[PlyCount "45"]
[EventDate "2024.07.03"]
[EventType "swiss"]
[EventCountry "SUI"]
[SourceTitle "playchess.com"]
[Source "ChessBase"]
[SourceQuality "1"]
[TimeControl "40/5400+30:1800+30"]

1. d4 d5 2. c4 c6 3. cxd5 cxd5 4. Bf4 e6 5. e3 Bd6 6. Nc3 Bxf4 7. exf4 Bd7 8. Nf3 a6 9. Bd3 Nf6 10. O-O Nc6 11. Re1 O-O 12. Ne5 Ne7 13. Re3 Nf5 14. Rh3 g6 15. g4 Ng7 16. Qf3 Qe8 17. Kh1 Bc6 18. Rg1 Ne4 19. Nxe4 dxe4 20. Bxe4 Bxe4 21. Qxe4 Qb5 22. Rb3 Qd5 23. Qxd5 1-0

[Event "57th Biel Festival ATO 2024"]
[Site "Biel"]
[Date "2024.07.25"]
[Round "9.24"]
[White "Galopin, Clement"]
[Black "Kim, Sarang"]
[Result "0-1"]
[ECO "C18"]
[WhiteElo "1816"]
[BlackElo "1704"]
[Annotator "NA RC"]
[PlyCount "134"]
[EventDate "2024.07.03"]
[EventType "swiss"]
[EventCountry "SUI"]
[SourceTitle "playchess.com"]
[Source "ChessBase"]
[SourceQuality "1"]
[TimeControl "40/5400+30:1800+30"]

1. e4 e6 2. d4 d5 3. Nc3 Bb4 4. e5 c5 5. a3 Bxc3+ 6. bxc3 Ne7 7. Qg4 Qc7 8. Bb5+ Bd7 9. Bxd7+ Nxd7 10. Ne2 cxd4 11. cxd4 Qxc2 12. O-O Qg6 13. Qf3 O-O 14. a4 Nc6 15. Ba3 Rfe8 16. Rfc1 f6 17. Rab1 Nb6 18. Bd6 Rac8 19. Kf1 Nc4 20. Qc3 b6 21. Kg1 Red8 22. Qh3 fxe5 23. dxe5 N6xe5 24. Bxe5 Nxe5 25. Nf4 Qf5 26. Nxe6 Qxh3 27. gxh3 Rxc1+ 28. Rxc1 Rd6 29. Nd4 Nc4 30. Nf5 Rg6+ 31. Kf1 Re6 32. Rd1 Re5 33. Rxd5 Rxd5 34. Ne7+ Kf7 35. Nxd5 Nb2 36. Nc3 Ke6 37. Ke2 Kd6 38. Kd2 Kc5 39. Kc2 Nc4 40. Kb3 Nd2+ 41. Kc2 Nf3 42. Kb3 Nxh2 43. Ne4+ Kd5 44. Nc3+ Kc6 45. Nb5 a6 46. Nd4+ Kd5 47. Kc3 Nf1 48. Kd3 Nd2 49. Nf5 Nc4 50. Kc3 Nd6 51. Ne3+ Ke4 52. Nc2 Kf3 53. Nb4 Ne4+ 54. Kd4 Nc5 55. a5 Nb3+ 56. Kd5 bxa5 57. Nxa6 Kxf2 58. Kc4 a4 59. Kb4 Kg3 60. Kxa4 Nd4 61. Nc5 Kxh3 62. Kb4 g5 63. Kc4 Nf5 64. Ne4 h6 65. Kd3 Kg2 66. Nf6 Kf3 67. Kd2 Ng3 0-1

[Event "57th Biel Festival ATO 2024"]
[Site "Biel"]
[Date "2024.07.25"]
[Round "9.27"]
[White "Kessler, Meinrad"]
[Black "Lesniak, Julien"]
[Result "1/2-1/2"]
[ECO "C10"]
[WhiteElo "1874"]
[BlackElo "1728"]
[Annotator "NA RC"]
[PlyCount "22"]
[EventDate "2024.07.03"]
[EventType "swiss"]
[EventCountry "SUI"]
[SourceTitle "playchess.com"]
[Source "ChessBase"]
[SourceQuality "1"]
[TimeControl "40/5400+30:1800+30"]

1. e4 e6 2. d4 d5 3. Nc3 dxe4 4. Nxe4 Nd7 5. Bd3 Be7 6. Nf3 Ngf6 7. c3 Nxe4 8. Bxe4 Nf6 9. Bc2 O-O 10. O-O b6 11. Bf4 Bb7 1/2-1/2

[Event "57th Biel Festival ATO 2024"]
[Site "Biel"]
[Date "2024.07.25"]
[Round "9.28"]
[White "Luedi, Paul"]
[Black "Hofer, Friedrich"]
[Result "1/2-1/2"]
[ECO "D58"]
[WhiteElo "1715"]
[BlackElo "1798"]
[Annotator "NA RC"]
[PlyCount "103"]
[EventDate "2024.07.03"]
[EventType "swiss"]
[EventCountry "SUI"]
[SourceTitle "playchess.com"]
[Source "ChessBase"]
[SourceQuality "1"]
[TimeControl "40/5400+30:1800+30"]

1. d4 d5 2. c4 e6 3. Nc3 Nf6 4. Bg5 Be7 5. e3 O-O 6. Bd3 Nbd7 7. Nf3 h6 8. Bh4 b6 9. cxd5 exd5 10. O-O Bb7 11. h3 Ne4 12. Bxe7 Qxe7 13. Rc1 c5 14. dxc5 bxc5 15. Be2 Ndf6 16. Na4 Rac8 17. b3 Rfd8 18. Re1 Qd6 19. Nd2 Nxd2 20. Qxd2 Ne4 21. Qd1 Qe7 22. Bf3 d4 23. exd4 Rxd4 24. Qe2 Qg5 25. Qe3 Qh4 26. Nc3 f5 27. Ne2 Rd6 28. Bxe4 Bxe4 29. Rxc5 Rxc5 30. Qxc5 Rc6 31. Qe3 Rc2 32. a4 Qf6 33. Rc1 Qc6 34. Rxc2 Qxc2 35. Ng3 Qd1+ 36. Kh2 Qd3 37. Qxd3 Bxd3 38. a5 Kf7 39. f4 g6 40. Nh1 Ke6 41. Nf2 Bc2 42. b4 Kd5 43. g4 Kc4 44. h4 Kxb4 45. h5 fxg4 46. Nxg4 gxh5 47. Nxh6 Kxa5 48. f5 Bxf5 49. Nxf5 Kb4 50. Nd4 a6 51. Nc6+ Kb5 52. Nd4+ 1/2-1/2

[Event "57th Biel Festival ATO 2024"]
[Site "Biel"]
[Date "2024.07.25"]
[Round "9.29"]
[White "Juchler, Celine"]
[Black "Richard, Jean-Paul"]
[Result "1/2-1/2"]
[ECO "B25"]
[WhiteElo "1664"]
[BlackElo "1796"]
[Annotator "NA RC"]
[PlyCount "44"]
[EventDate "2024.07.03"]
[EventType "swiss"]
[EventCountry "SUI"]
[SourceTitle "playchess.com"]
[Source "ChessBase"]
[SourceQuality "1"]
[TimeControl "40/5400+30:1800+30"]

1. e4 c5 2. Nc3 Nc6 3. g3 g6 4. Bg2 Bg7 5. d3 d6 6. f4 e6 7. Nf3 Nge7 8. O-O O-O 9. Be3 b6 10. e5 d5 11. Bd2 Ba6 12. a4 Qd7 13. Na2 Bb7 14. Nc3 a6 15. Ne2 d4 16. Ng5 f6 17. exf6 Bxf6 18. Ne4 Bg7 19. Bh3 Qd5 20. Bg2 Qd7 21. Bh3 Qd5 22. Bg2 Qd7 1/2-1/2

[Event "57th Biel Festival ATO 2024"]
[Site "Biel"]
[Date "2024.07.25"]
[Round "9.30"]
[White "Lachausse, Bruno"]
[Black "Noel, Lucien"]
[Result "1-0"]
[ECO "C24"]
[WhiteElo "1787"]
[BlackElo "1714"]
[Annotator "NA RC"]
[PlyCount "35"]
[EventDate "2024.07.03"]
[EventType "swiss"]
[EventCountry "SUI"]
[SourceTitle "playchess.com"]
[Source "ChessBase"]
[SourceQuality "1"]
[TimeControl "40/5400+30:1800+30"]

1. e4 e5 2. Nf3 Bc5 3. d4 exd4 4. Bc4 Nf6 5. e5 d5 6. exd6 Qxd6 7. O-O O-O 8. c3 dxc3 9. Nxc3 Re8 10. Qb3 Rf8 11. Ng5 Ng4 12. g3 Ne5 13. Bf4 Qh6 14. Bxf7+ Rxf7 15. Nce4 Be6 16. Nxe6 Nf3+ 17. Kg2 Nd4 18. Nxd4 1-0

[Event "57th Biel Festival ATO 2024"]
[Site "Biel"]
[Date "2024.07.25"]
[Round "9.31"]
[White "Trubini, Timon"]
[Black "Bangerter, Ena"]
[Result "1/2-1/2"]
[ECO "C43"]
[WhiteElo "1714"]
[BlackElo "1771"]
[Annotator "NA"]
[PlyCount "37"]
[EventDate "2024.07.03"]
[EventType "swiss"]
[EventCountry "SUI"]
[SourceTitle "playchess.com"]
[Source "ChessBase"]
[SourceQuality "1"]
[TimeControl "40/5400+30:1800+30"]

1. e4 e5 2. Nf3 Nf6 3. d4 Nxe4 4. Bd3 d5 5. Nxe5 Nd7 6. Nc3 Nxc3 7. bxc3 Nxe5 8. dxe5 Qh4 9. O-O Be6 10. Be3 Be7 11. Re1 O-O 12. f4 Qg4 13. Be2 Qh4 14. g3 Qh3 15. Bf3 c6 16. Bg2 Qg4 17. Bf3 Qh3 18. Bg2 Qg4 19. Bf3 1/2-1/2

[Event "57th Biel Festival ATO 2024"]
[Site "Biel"]
[Date "2024.07.25"]
[Round "9.33"]
[White "Svendsen, Hannelore"]
[Black "Cho, Yeonhee"]
[Result "1/2-1/2"]
[ECO "D11"]
[WhiteElo "1753"]
[BlackElo "1686"]
[Annotator "NA RC"]
[PlyCount "81"]
[EventDate "2024.07.03"]
[EventType "swiss"]
[EventCountry "SUI"]
[SourceTitle "playchess.com"]
[Source "ChessBase"]
[SourceQuality "1"]
[TimeControl "40/5400+30:1800+30"]

1. d4 d5 2. c4 c6 3. g3 Nf6 4. Nf3 Bf5 5. Bg2 e6 6. O-O Be7 7. Qb3 Qb6 8. Nc3 Nbd7 9. Qxb6 axb6 10. Nd2 O-O 11. e4 dxe4 12. Ndxe4 Rfd8 13. Bf4 Nxe4 14. Bxe4 Bxe4 15. Nxe4 Nf6 16. Nxf6+ Bxf6 17. Be5 Bxe5 18. dxe5 Rd2 19. Rfd1 Rad8 20. Rxd2 Rxd2 21. b3 g5 22. Kf1 g4 23. Ke1 Rb2 24. Rd1 Rxa2 25. Rd8+ Kg7 26. Rd7 Rb2 27. Rxb7 Rxb3 28. c5 b5 29. Rc7 Rb4 30. Rxc6 Re4+ 31. Kd2 Rxe5 32. Rc8 Re4 33. Rb8 Rb4 34. c6 Rc4 35. Rxb5 Rxc6 36. Rg5+ Kh6 37. Rxg4 Rc5 38. h4 Re5 39. Ra4 Kg6 40. Kd3 Rf5 41. Ke3 1/2-1/2

[Event "57th Biel Festival ATO 2024"]
[Site "Biel"]
[Date "2024.07.25"]
[Round "9.34"]
[White "Primbetova, Raikhan"]
[Black "Hansen, Michael Bo"]
[Result "1-0"]
[ECO "A24"]
[WhiteElo "1534"]
[BlackElo "1759"]
[Annotator "NA RC"]
[PlyCount "75"]
[EventDate "2024.07.03"]
[EventType "swiss"]
[EventCountry "SUI"]
[SourceTitle "playchess.com"]
[Source "ChessBase"]
[SourceQuality "1"]
[TimeControl "40/5400+30:1800+30"]

1. c4 Nf6 2. Nc3 g6 3. g3 Bg7 4. Bg2 O-O 5. d3 c6 6. e4 d6 7. Nge2 Na6 8. O-O e5 9. h3 Nc7 10. f4 exf4 11. gxf4 Re8 12. Be3 h6 13. Qd2 Kh7 14. Kh2 Qe7 15. Rae1 Ng8 16. Bd4 Ne6 17. Bxg7 Nxg7 18. Nd4 Ne6 19. Nxe6 fxe6 20. f5 gxf5 21. exf5 e5 22. f6 Nxf6 23. Ne4 Rf8 24. Nxf6+ Rxf6 25. Rxf6 Qxf6 26. Rf1 Qg7 27. Be4+ Kh8 28. Rg1 Qf6 29. Rg6 Qf4+ 30. Qxf4 exf4 31. Rxh6+ Kg7 32. Rxd6 Kf7 33. Rd8 Ke7 34. Rh8 Kd6 35. Bf5 Kc7 36. Rxc8+ Rxc8 37. Bxc8 Kxc8 38. Kg2 1-0

[Event "57th Biel Festival ATO 2024"]
[Site "Biel"]
[Date "2024.07.25"]
[Round "9.35"]
[White "Boyer, Jean-Francois"]
[Black "Fernandez Van Raap, Marcela"]
[Result "1-0"]
[ECO "B12"]
[WhiteElo "1742"]
[BlackElo "1613"]
[Annotator "NA RC"]
[PlyCount "69"]
[EventDate "2024.07.03"]
[EventType "swiss"]
[EventCountry "SUI"]
[SourceTitle "playchess.com"]
[Source "ChessBase"]
[SourceQuality "1"]
[TimeControl "40/5400+30:1800+30"]

1. e4 c6 2. d4 d5 3. e5 Bf5 4. h4 h5 5. Nc3 e6 6. Be2 Bg6 7. Bg5 f6 8. exf6 Nxf6 9. Bd3 Bf7 10. Nf3 Be7 11. Ne5 Qb6 12. Nxf7 Kxf7 13. Na4 Qb4+ 14. c3 Qa5 15. b4 Qc7 16. Rh3 b5 17. Nc5 Bxc5 18. bxc5 e5 19. dxe5 Qxe5+ 20. Kf1 Nbd7 21. Qc2 Nxc5 22. Bg6+ Kg8 23. Re1 Qd6 24. Qf5 Qd7 25. Qf4 Rf8 26. Rf3 Nce4 27. Kg1 Qd6 28. Qe3 Ng4 29. Rxf8+ Kxf8 30. Qf3+ Ngf6 31. Qf5 Kg8 32. Qc8+ Qf8 33. Qxc6 Qd6 34. Qc8+ Qf8 35. Qe6+ 1-0